[Event "Azerbaijan Men Championship 2024"]
[Site "Baku"]
[Date "2024.04.12"]
[Round "2.1"]
[White "Samadov, Read"]
[Black "Suleymanli, Aydin"]
[Result "1/2-1/2"]
[ECO "E05"]
[WhiteElo "2502"]
[BlackElo "2607"]
[Annotator "TA"]
[PlyCount "72"]
[EventDate "2024.04.11"]
[EventType "swiss"]
[EventCountry "AZE"]
[SourceTitle "playchess.com"]
[Source "ChessBase"]
[SourceQuality "1"]
[TimeControl "40/5400+30:1800+30"]

1. d4 Nf6 2. c4 e6 3. Nf3 d5 4. g3 Be7 5. Bg2 O-O 6. O-O dxc4 7. Qc2 a6 8. a4 Bd7 9. Qxc4 Bc6 10. Bg5 Bd5 11. Qc2 Be4 12. Qc1 Nc6 13. Nbd2 {[%emt 0:04:42][%cal Bb1d2,Bd2f1,Bf1e3,Be3f5][%mdl 32] [#] Strongly threatening Bxf6.} Nxd4 14. Nxd4 Bxg2 15. Nxe6 Qd6 16. Nxf8 {[%emt 0:11:29] A dynamic duo of knights.} Bxf1 17. Nxf1 Rxf8 {[%emt 0:01:12] The position is equal.} 18. Ne3 Ne4 19. Nf5 Bxg5 20. Nxd6 Bxc1 21. Nxe4 Bxb2 $11 {[%emt 0:00:06][%mdl 4096] Endgame. KRB-KRN} 22. Rb1 Re8 23. Rxb2 Rxe4 24. Rxb7 {[%emt 0:00:07] [#] White threatens Rb8+ and mate. KR-KR} g6 25. Rxc7 Rxa4 26. Ra7 a5 27. Kg2 Ra2 28. h4 Rxe2 29. Rxa5 h5 30. Ra6 Kg7 31. Rb6 Rd2 32. Ra6 Re2 33. Rb6 Rd2 34. Ra6 Re2 35. Rb6 Rd2 36. Ra6 Re2 {[%emt 1:36:02] Weighted Error Value: White=0.04 (flawless) /Black=0.05 (flawless) .  Inaccurate:     	White=1     	Black=1      OK:         	White=10    	Black=14     Best:        	White=1     	Black=3} 1/2-1/2

[Event "Azerbaijan Men Championship 2024"]
[Site "Baku"]
[Date "2024.04.12"]
[Round "2.2"]
[White "Muradli, Mahammad"]
[Black "Babazada, Khazar"]
[Result "1/2-1/2"]
[ECO "E04"]
[WhiteElo "2555"]
[BlackElo "2474"]
[Annotator "TA"]
[PlyCount "153"]
[EventDate "2024.04.11"]
[EventType "swiss"]
[EventCountry "AZE"]
[SourceTitle "playchess.com"]
[Source "ChessBase"]
[SourceQuality "1"]
[TimeControl "40/5400+30:1800+30"]

1. Nf3 Nf6 2. c4 e6 3. g3 d5 4. d4 dxc4 5. Bg2 c6 6. O-O b5 7. Ne5 {[%emt 0:13:24] E04: Open Catalan: 5 Nf3.} Bb7 8. b3 cxb3 9. axb3 Be7 10. Bb2 O-O 11. Nd2 a5 $146 ({Predecessor:} 11... Qb6 12. Qc2 Nfd7 13. Nd3 a5 14. Ne4 Na6 15. Rfc1 Rfd8 16. h4 h6 17. e3 Bf8 {0-1 Zhukova,N (2310)-Zwirs,N (2442) Maia op 7th 2023 (3)}) 12. Qc2 Qc7 13. Rfc1 c5 14. Bxb7 Qxb7 15. dxc5 Nc6 16. Nd3 Rfd8 17. Nf3 Rac8 18. Nfe5 Nxe5 19. Bxe5 Nd5 20. c6 Qb6 21. e4 Nf6 22. c7 Re8 23. Qc6 Qxc6 24. Rxc6 Nxe4 25. Rxa5 b4 26. Rb5 f6 27. Bf4 Nc3 28. Rb7 Ne2+ 29. Kg2 Nd4 30. Rcb6 e5 31. Be3 Nxb3 32. Nxb4 Bxb4 33. Rxb4 Na5 34. Rb8 Kf7 35. Ra4 Nc6 36. Rb7 Ke6 37. Bb6 Kd7 38. Rc4 Re6 39. Kf3 Rd6 40. Ke3 Ne7 41. Ke4 Nc6 42. Ke3 Ne7 43. Ke2 Nc6 44. Rh4 h6 45. Rg4 g5 46. Ra4 h5 47. Ra2 Nb4 48. Rb2 Nd5 49. Ba5 Nxc7 50. Rc2 Rc6 51. Rxc6 Kxc6 52. Rb6+ Kd5 53. Rxf6 Ne6 54. Kf1 g4 55. Bd2 Nd4 56. Kg2 Ke4 57. Be3 Nf3 58. Ra6 Ne1+ 59. Kf1 Nc2 60. Bd2 Rd8 61. Bc3 $1 Rc8 62. Bd2 Rb8 63. Kg2 $1 Rb1 64. Rc6 $1 Nd4 65. Rc1 Rxc1 66. Bxc1 Nf3 67. Be3 Ne1+ 68. Kf1 Nc2 69. Ba7 Kf3 70. Bb8 e4 71. Ba7 Nb4 72. Be3 Nc6 73. Bc5 Ne5 74. Be3 Nc4 75. Bc1 Nd6 76. Be3 Nf5 77. Bg5 1/2-1/2

[Event "Azerbaijan Men Championship 2024"]
[Site "Baku"]
[Date "2024.04.12"]
[Round "2.3"]
[White "Iskandarov, Misratdin"]
[Black "Manafov, Vugar"]
[Result "0-1"]
[ECO "B42"]
[WhiteElo "2538"]
[BlackElo "2424"]
[Annotator "TA"]
[PlyCount "90"]
[EventDate "2024.04.11"]
[EventType "swiss"]
[EventCountry "AZE"]
[SourceTitle "playchess.com"]
[Source "ChessBase"]
[SourceQuality "1"]
[TimeControl "40/5400+30:1800+30"]

1. e4 c5 2. Nf3 e6 3. d4 cxd4 4. Nxd4 a6 5. Bd3 g6 6. O-O Bg7 7. Be3 Nf6 8. c4 O-O 9. Nc3 d6 10. Qe2 Qc7 11. Rac1 b6 12. f3 Bb7 13. Rfd1 Nbd7 14. Qd2 Rfe8 15. Bf1 Rac8 16. b4 {[%emt 0:00:00] White is slightly better.} Qb8 17. Na4 Bf8 18. Nb3 (18. Bg5 $14) 18... Bc6 19. Nc3 Ba8 20. Bf4 (20. Bg5 $14) 20... Ne5 $11 21. c5 dxc5 22. Bxa6 Rcd8 23. Qe2 Rxd1+ 24. Rxd1 ({Better is} 24. Nxd1 $11 cxb4 25. Nf2) 24... Nh5 $15 25. Be3 c4 26. Nd4 (26. Bxc4 $2 {too greedy.} Rc8 27. Ba6 Rxc3 $19) 26... Bxb4 27. Qb2 (27. Na4 $11 {was preferrable.}) 27... Bd6 28. Nde2 Bc7 29. Qb4 (29. Kh1 {simplifies} Bb7 30. Bxb7 Qxb7 31. a4) 29... Nd3 30. Qb5 Bxh2+ 31. Kf1 $1 Bc7 (31... Nc5 $5) 32. Rb1 $1 Qd8 33. Bxb6 Bxb6 34. Qxb6 Qg5 35. Bxc4 Ndf4 36. Qf2 Rc8 37. Ba6 Rd8 38. a4 Kg7 39. Rd1 {[%emt 0:00:28] [#] Dodges Rd2} (39. Nxf4 $11 Nxf4 40. Rd1) 39... Nxe2 $1 $17 40. Bxe2 Ng3+ (40... Rc8 $17 {[%cal Oe6e5] And now ...e5! would win.} 41. Bb5 Nf4 (41... Rxc3 42. Qd4+ Qf6 43. e5 $17)) 41. Kg1 $11 Rc8 42. Rd3 (42. Ba6 $11 {keeps the balance.} Rc7 (42... Rxc3 43. Qd4+ Qf6 44. e5 $16) 43. Ne2 Nxe2+ 44. Bxe2) 42... Qe5 $17 {[%emt 0:03:39] Black is much more active. Black is better.} 43. Bd1 {[%emt 0:03:20] Threatens to win with f4.} Rxc3 44. Rxc3 Qxc3 45. Qxg3 {[%emt 0:00:07] [#]} Bxe4 $1 {[%emt 0:22:40] Weighted Error Value: White=0.19 (very precise) /Black=0.10 (very precise) .  Mistake:       	White=6     	Black=1      Inaccurate:     	White=2     	Black=4      OK:         	White=10    	Black=9      Best:        	White=3     	Black=4      Strong:       	White=2     	Black=2} 0-1

[Event "Azerbaijan Men Championship 2024"]
[Site "Baku"]
[Date "2024.04.12"]
[Round "2.4"]
[White "Rustamov, Rustam"]
[Black "Guliyev, Namig"]
[Result "1/2-1/2"]
[ECO "B58"]
[WhiteElo "2261"]
[BlackElo "2509"]
[Annotator "RC"]
[PlyCount "190"]
[EventDate "2024.04.11"]
[EventType "swiss"]
[EventCountry "AZE"]
[SourceTitle "playchess.com"]
[Source "ChessBase"]
[SourceQuality "1"]
[TimeControl "40/5400+30:1800+30"]

1. e4 c5 2. Nf3 d6 3. d4 cxd4 4. Nxd4 Nf6 5. Nc3 Nc6 6. Be2 e5 7. Nf3 h6 8. O-O Be7 9. h3 Be6 10. Nh2 Nd4 11. Be3 Nxe2+ 12. Qxe2 O-O 13. Ng4 Nxg4 14. hxg4 Qd7 15. f3 Rfc8 16. Rfd1 Bc4 17. Qf2 b5 18. Nd5 Bxd5 19. Rxd5 Rc4 20. c3 a5 21. a3 Qb7 22. Qe2 Rac8 23. Rad1 b4 24. axb4 axb4 25. cxb4 Qxb4 26. R5d2 Qb3 27. Qd3 Qb8 28. Kh2 Rb4 29. Qa6 Rc7 30. Ra1 Rxb2 31. Qa8 Rbb7 32. Qxb8+ Rxb8 33. Ra7 Rxa7 34. Bxa7 Rb3 35. Bf2 f6 36. Ra2 Kf7 37. Ra7 Ke6 38. Bh4 Rb1 39. Bf2 Rd1 40. Ra6 g6 41. Bh4 Rf1 42. Ra2 Bd8 43. Bf2 h5 44. gxh5 gxh5 45. g4 hxg4 46. Kg2 Rb1 47. fxg4 Rb5 48. Ra8 Ba5 49. Bh4 Rb2+ 50. Kf3 Rb3+ 51. Kg2 Bd2 52. Rf8 Bg5 53. Bxg5 fxg5 54. Kf2 Rb4 55. Kf3 Rb3+ 56. Kf2 Rb7 57. Rg8 Kf6 58. Rd8 Rb2+ 59. Kf3 Rd2 60. Ke3 Rd1 61. Rf8+ Kg7 62. Rd8 Rd4 63. Kf3 Kf7 64. Rd7+ Kf6 65. Rd8 Rd1 66. Ke3 Kf7 67. Rd7+ Ke6 68. Rg7 Kf6 69. Rd7 Kg6 70. Ke2 Rd4 71. Ke3 Kf6 72. Kf3 Rd3+ 73. Kf2 Rd1 74. Kf3 Rd4 75. Rd8 Kf7 76. Rd7+ Ke6 77. Rg7 Rd3+ 78. Ke2 Kf6 79. Rd7 Rg3 80. Rxd6+ Kf7 81. Rd5 Ke6 82. Ra5 Rxg4 83. Ra6+ Kf7 84. Ke3 Rg3+ 85. Kf2 Rd3 86. Ke2 Rh3 87. Ra7+ Ke6 88. Ra6+ Ke7 89. Ra7+ Kd6 90. Ra6+ Ke7 91. Ra5 Kf6 92. Ra6+ Kf7 93. Ra5 Kf6 94. Ra6+ Kf7 95. Ra5 Kf6 1/2-1/2

[Event "Azerbaijan Men Championship 2024"]
[Site "Baku"]
[Date "2024.04.12"]
[Round "2.5"]
[White "Gadimbayli, Abdulla"]
[Black "Rasulov, Vugar"]
[Result "1-0"]
[ECO "B47"]
[WhiteElo "2489"]
[BlackElo "2551"]
[Annotator "TA"]
[PlyCount "73"]
[EventDate "2024.04.11"]
[EventType "swiss"]
[EventCountry "AZE"]
[SourceTitle "playchess.com"]
[Source "ChessBase"]
[SourceQuality "1"]
[TimeControl "40/5400+30:1800+30"]

1. e4 c5 2. Nf3 e6 3. d4 cxd4 4. Nxd4 Nc6 5. Nc3 Qc7 6. Be2 a6 7. Nxc6 {[%emt 0:01:02] B47: Sicilian: Taimanov: 5 Nc3 Qc7 6 f4, 6 g3 and 6 Be2.} bxc6 8. Qd3 Bd6 9. Be3 Nf6 10. O-O-O Be7 11. f4 $146 ({Predecessor:} 11. Na4 d5 12. Bb6 Qf4+ 13. Be3 Qc7 14. Bb6 Qf4+ 15. Be3 {½-½ Hovhannisyan,R (2630)-Movsesian,S (2637) Reykjavik op 2019 (4)}) 11... d5 12. g4 Rb8 13. Rhf1 O-O 14. Bd4 (14. g5 $142 Ne8 15. b3) 14... Qa5 15. exd5 cxd5 ({Black should try} 15... exd5 $11 16. Qg3 Nd7) 16. f5 Nd7 (16... Re8 $14) 17. fxe6 $16 fxe6 $2 {[%emt 0:09:43] [#]} (17... Bg5+ $16 18. Kb1 fxe6) 18. Qe3 $1 $18 Nf6 (18... e5 $142) 19. g5 $18 Ne4 20. Rxf8+ Bxf8 21. Nxe4 dxe4 22. Bc4 Rb7 $2 (22... Qc7) 23. h4 (23. Qxe4 Qxg5+ 24. Kb1 Rf7 $18) (23. Bc3 $142 Bb4 24. Bxb4 (24. Qxe4 Bxc3 25. Bxe6+ Bxe6 $16) 24... Rxb4 25. b3 (25. Qxe4 Qxg5+ 26. Kb1 Qe7 $18)) 23... Qa4 $18 24. Bb3 Qc6 25. Re1 Rf7 26. Qxe4 Qd6 (26... Qxe4 {was necessary.} 27. Rxe4 Rf1+ 28. Kd2 Bb4+ 29. c3 Bf8 30. Bxe6+ Bxe6) 27. Be5 (27. Bxe6 Bxe6 28. Qxe6 Qxd4 $17) 27... Qb6 $2 (27... Qb4 {is a better defense.} 28. Bc4 Bb7) 28. Bd4 Qd6 $1 29. Be5 ({Stronger than} 29. Bxe6 Bxe6 30. Qxe6 Qxd4 $17) 29... Qb6 $1 30. Bc3 Qf2 31. a4 ({But not} 31. Bxe6 Bxe6 32. Qxe6 Qxh4 $18) 31... Kh8 $2 (31... Qf4+ 32. Kb1 Qxe4 33. Rxe4 Rf1+ 34. Ka2 Rf5 35. Bxe6+ Bxe6+ 36. Rxe6 a5) 32. Kb1 $18 ({Weaker is} 32. Bxe6 Bxe6 33. Qxe6 Re7 34. Qxe7 Bxe7 35. Rxe7 Qf1+ 36. Re1 Qf4+ 37. Kb1 Kg8 $11) 32... Bd7 (32... Qf4 $142 33. Bxe6 Qxe4 34. Rxe4 Bxe6) 33. h5 Qf4 34. Qxf4 Rxf4 35. a5 Be8 36. h6 Bf7 37. Bxe6 1-0

[Event "Azerbaijan Men Championship 2024"]
[Site "Baku"]
[Date "2024.04.12"]
[Round "2.6"]
[White "Talibov, Shiroghlan"]
[Black "Suleymanli, Suleyman"]
[Result "1/2-1/2"]
[ECO "D45"]
[WhiteElo "2373"]
[BlackElo "2246"]
[Annotator "RC"]
[PlyCount "80"]
[EventDate "2024.04.11"]
[EventType "swiss"]
[EventCountry "AZE"]
[SourceTitle "playchess.com"]
[Source "ChessBase"]
[SourceQuality "1"]
[TimeControl "40/5400+30:1800+30"]

1. c4 e6 2. Nc3 d5 3. d4 Nf6 4. Nf3 Ne4 5. Qc2 Bb4 6. e3 c6 7. Bd3 f5 8. O-O Bd6 9. c5 Bc7 10. b4 O-O 11. Ne2 Qf6 12. Ne1 Nd7 13. f3 Qh6 14. g3 e5 15. f4 exf4 16. exf4 Ndf6 17. Nf3 Ng4 18. Nc3 Be6 19. Nd1 Qf6 20. Rb1 a6 21. Ne3 h5 22. Ng2 Rfe8 23. a4 Bd7 24. Ngh4 Rec8 25. Rb2 Be8 26. Ne5 Qe6 27. Nhf3 Bd8 28. Qg2 Be7 29. Re1 Rcb8 30. a5 Bf6 31. h3 Nh6 32. Be3 Bd7 33. Kf1 Re8 34. Ke2 Kf8 35. Kd1 Ke7 36. Kc1 Kd8 37. Be2 Nf7 38. Nd2 g6 39. Nxe4 Bxe5 40. Nd2 Bg7 1/2-1/2

[Event "Azerbaijan Men Championship 2024"]
[Site "Baku"]
[Date "2024.04.12"]
[Round "2.7"]
[White "Ahmad, Khagan"]
[Black "Sadikhov, Ulvi"]
[Result "1/2-1/2"]
[ECO "B38"]
[WhiteElo "2321"]
[BlackElo "2497"]
[Annotator "RC"]
[PlyCount "184"]
[EventDate "2024.04.11"]
[EventType "swiss"]
[EventCountry "AZE"]
[SourceTitle "playchess.com"]
[Source "ChessBase"]
[SourceQuality "1"]
[TimeControl "40/5400+30:1800+30"]

1. Nf3 Nf6 2. c4 g6 3. Nc3 Bg7 4. e4 c5 5. d4 cxd4 6. Nxd4 d6 7. Be2 O-O 8. O-O Nc6 9. Be3 Bd7 10. Qd2 Nxd4 11. Bxd4 Bc6 12. f3 Nd7 13. Be3 a5 14. b3 Nc5 15. Rab1 e6 16. Rfd1 Be5 17. Bf4 Qf6 18. Bxe5 Qxe5 19. Qxd6 Qxc3 20. Qxc5 Qc2 21. Bf1 Qxa2 22. Qb6 Qa3 23. c5 Rfc8 24. Ra1 Qb4 25. Qxb4 axb4 26. Kf2 Rxa1 27. Rxa1 Rd8 28. Ke3 f5 29. Ra5 fxe4 30. fxe4 Rd1 31. Bb5 Re1+ 32. Kd2 Rg1 33. Bxc6 Rxg2+ 34. Kd3 bxc6 35. Ra6 Rxh2 36. Rxc6 Rh3+ 37. Kc4 g5 38. Kxb4 g4 39. Rxe6 Kf7 40. Re5 Rh6 41. Kb5 g3 42. c6 g2 43. Rg5 Rh5 44. Rxh5 g1=Q 45. c7 Qg8 46. Rc5 Qc8 47. Kb6 Ke7 48. b4 h5 49. Re5+ Kd6 50. Rd5+ Ke7 51. b5 h4 52. Rh5 h3 53. Rh7+ Kd6 54. e5+ Kd5 55. e6 Kxe6 56. Rxh3 Qd7 57. Rc3 Qc8 58. Rd3 Ke7 59. Rd8 Qe6+ 60. Kb7 Qe4+ 61. Ka7 Qe3+ 62. b6 Qa3+ 63. Kb8 Qg3 64. Rd4 Qh2 65. Re4+ Kd7 66. Rh4 Qe5 67. Rh7+ Kc6 68. Rh6+ Kd7 69. Rh5 Qe8+ 70. Kb7 Qc8+ 71. Ka7 Kc6 72. Rh6+ Kb5 73. Rd6 Qh3 74. Rf6 Qc8 75. Rg6 Kc5 76. Rg1 Kb5 77. Rb1+ Ka5 78. Ra1+ Kb5 79. Ra2 Qe6 80. Rb2+ Ka5 81. b7 Qa6+ 82. Kb8 Qd6 83. Ra2+ Kb6 84. Rb2+ Kc6 85. Rc2+ Kb6 86. Rc1 Qe5 87. Rc4 Qd6 88. Rc2 Qe5 89. Rc1 Qd6 90. Rb1+ Kc6 91. Rc1+ Kb6 92. Rc3 Qe5 1/2-1/2

[Event "Azerbaijan Men Championship 2024"]
[Site "Baku"]
[Date "2024.04.12"]
[Round "2.8"]
[White "Abdulov, Orkhan"]
[Black "Sevdimaliyev, Urfan"]
[Result "1-0"]
[ECO "C10"]
[WhiteElo "2401"]
[BlackElo "2320"]
[Annotator "RC"]
[PlyCount "63"]
[EventDate "2024.04.11"]
[EventType "swiss"]
[EventCountry "AZE"]
[SourceTitle "playchess.com"]
[Source "ChessBase"]
[SourceQuality "1"]
[TimeControl "40/5400+30:1800+30"]

1. e4 e6 2. d4 d5 3. Nc3 dxe4 4. Nxe4 Nd7 5. Nf3 Ngf6 6. Bd3 c5 7. Nxf6+ Nxf6 8. O-O cxd4 9. Nxd4 Bc5 10. Nf3 O-O 11. Qe2 b6 12. Bg5 Bb7 13. Rad1 Qc7 14. Bxf6 gxf6 15. Be4 Rad8 16. Bxb7 Qxb7 17. c3 Qa8 18. b4 Be7 19. Nd4 Rfe8 20. Rd3 Kh8 21. b5 Qd5 22. Rfd1 Rg8 23. g3 Qc4 24. Nc6 Rxd3 25. Qxd3 Qxd3 26. Rxd3 Bc5 27. Rd7 Rg4 28. Rxf7 Rc4 29. Nd8 e5 30. Rxa7 Rxc3 31. Ne6 Ra3 32. Rc7 1-0

[Event "Azerbaijan Men Championship 2024"]
[Site "Baku"]
[Date "2024.04.12"]
[Round "2.9"]
[White "Aslanov, Umid"]
[Black "Ibrahimli, Murad"]
[Result "1/2-1/2"]
[ECO "C55"]
[WhiteElo "2239"]
[BlackElo "2396"]
[Annotator "TA"]
[PlyCount "89"]
[EventDate "2024.04.11"]
[EventType "swiss"]
[EventCountry "AZE"]
[SourceTitle "playchess.com"]
[Source "ChessBase"]
[SourceQuality "1"]
[TimeControl "40/5400+30:1800+30"]

1. e4 e5 2. Nf3 Nc6 3. Bc4 Nf6 4. d3 h6 5. c3 d6 6. Nbd2 g6 7. O-O Bg7 8. Re1 O-O 9. Nf1 Na5 10. Bb5 a6 11. Ba4 b5 12. Bc2 c5 13. d4 cxd4 14. cxd4 exd4 15. Nxd4 Re8 16. b3 Qb6 {[%emt 0:15:01] ...Ng4 is the strong threat.} 17. Bb2 Ra7 (17... Bb7 $15 {keeps the upper hand.}) 18. Qd2 (18. Ne3 $16) 18... Rae7 $14 19. Bc3 Nb7 20. Nf3 Nc5 (20... Nxe4 $2 21. Rxe4 Rxe4 22. Bxe4 $18 (22. Bxg7 Re2 $17)) 21. Ng3 Bb7 (21... Nfxe4 $2 {is the wrong capture.} 22. Bxe4 (22. Nxe4 Rxe4 23. Bxe4 Nxe4 $18) 22... Rxe4 (22... Nxe4 $2 {too greedy.} 23. Nxe4 Rxe4 24. Rxe4 $18) 23. Nxe4 Nxe4 24. Rxe4 Rxe4 25. Bxg7 Kxg7 26. Qc3+ Kh7 27. Qxc8 $18) (21... Ncxe4 $2 22. Nxe4 Nxe4 23. Bxe4 $18) 22. Bxf6 Bxf6 23. Rad1 Nxe4 (23... Kg7 {keeps more tension.} 24. Qxd6 Qxd6 25. Rxd6 h5) 24. Bxe4 {[%emt 0:00:47] The position is equal.} Bxe4 25. Nxe4 Rxe4 26. Rxe4 Rxe4 27. Qxd6 Re6 28. Qxb6 Rxb6 $11 {[%emt 0:00:01][%mdl 4096] Endgame. KRB-KRN} 29. Kf1 Rc6 30. Ke2 $1 Kf8 31. Ne1 Re6+ 32. Kd3 Bd8 33. Nc2 Bb6 34. Ne3 Bxe3 35. fxe3 {[%emt 0:00:04] KR-KR} Rd6+ 36. Ke2 Rxd1 37. Kxd1 {[%emt 0:00:03] KP-KP} Ke7 38. Kd2 Kd6 39. Kc3 Kc5 {[%emt 0:00:49] [#] Threatens to win with ...b4+.} 40. e4 a5 41. a3 h5 42. g3 f6 43. b4+ axb4+ 44. axb4+ Kc6 45. h3 {[%emt 0:00:31] Weighted Error Value: White=0.09 (flawless) /Black=0.13 (very precise) .  Mistake:       	White=1     	Black=1      Inaccurate:     	White=3     	Black=1      OK:         	White=15    	Black=9      Best:        	---       	Black=1      Strong:       	White=1     	---} 1/2-1/2

[Event "Azerbaijan Men Championship 2024"]
[Site "Baku"]
[Date "2024.04.12"]
[Round "2.10"]
[White "Hamidov, Allahverdi"]
[Black "Hasanzade, Toghrul"]
[Result "1-0"]
[ECO "D37"]
[WhiteElo "2091"]
[BlackElo "2350"]
[Annotator "RC"]
[PlyCount "106"]
[EventDate "2024.04.11"]
[EventType "swiss"]
[EventCountry "AZE"]
[SourceTitle "playchess.com"]
[Source "ChessBase"]
[SourceQuality "1"]
[TimeControl "40/5400+30:1800+30"]

1. d4 Nf6 2. c4 e6 3. Nc3 Bb4 4. e3 O-O 5. Bd3 d5 6. Nf3 c5 7. O-O Nc6 8. cxd5 exd5 9. dxc5 Bxc5 10. h3 h6 11. b3 Be6 12. Bb2 Qe7 13. Rc1 Rad8 14. Ne2 Ne4 15. Nf4 Bc8 16. Bb1 Bd6 17. Nxd5 Qe6 18. Qc2 f5 19. Rfd1 Ng5 20. Ne1 Qg6 21. Kh1 Ne4 22. Nf4 Qf7 23. Kg1 Kh7 24. Qc4 Qe7 25. Nf3 Ng5 26. Nh4 Bxf4 27. Qxf4 g6 28. Nf3 Rxd1+ 29. Rxd1 Rd8 30. Rc1 Be6 31. Nd4 Bd5 32. Nxf5 gxf5 33. Qxf5+ Kg8 34. Qg6+ Kf8 35. Qxh6+ Ke8 36. Bf6 Nf7 37. Bxe7 Nxh6 38. Bxd8 Nxd8 39. f4 Ke7 40. g4 Bc6 41. Kf2 Nhf7 42. e4 Kf6 43. Ke3 Ne6 44. e5+ Ke7 45. Be4 Bxe4 46. Kxe4 Nfd8 47. h4 Nc6 48. f5 Ned4 49. Rd1 Nb5 50. Kf4 Nc3 51. f6+ Kf7 52. Rd2 Ke6 53. Rd6+ Kf7 1-0

[Event "Azerbaijan Men Championship 2024"]
[Site "Baku"]
[Date "2024.04.13"]
[Round "3.1"]
[White "Manafov, Vugar"]
[Black "Muradli, Mahammad"]
[Result "0-1"]
[ECO "D41"]
[WhiteElo "2424"]
[BlackElo "2555"]
[Annotator "RC"]
[PlyCount "78"]
[EventDate "2024.04.11"]
[EventType "swiss"]
[EventCountry "AZE"]
[SourceTitle "playchess.com"]
[Source "ChessBase"]
[SourceQuality "1"]
[TimeControl "40/5400+30:1800+30"]

1. d4 d5 2. c4 e6 3. Nc3 Nf6 4. Nf3 c5 5. cxd5 Nxd5 6. e4 Nxc3 7. bxc3 cxd4 8. cxd4 Bb4+ 9. Bd2 Bxd2+ 10. Qxd2 O-O 11. Rd1 Bd7 12. Be2 Ba4 13. Rb1 Bc6 14. Bd3 h6 15. O-O Nd7 16. Rfe1 Rc8 17. Rb3 Re8 18. Bb1 b6 19. Ra3 Qc7 20. Nh4 Qd8 21. Nf3 a5 22. Bd3 Nf6 23. Rc3 Re7 24. Rec1 Bb7 25. Rxc8 Bxc8 26. Rb1 Bd7 27. Ne5 Be8 28. Qe3 Rb7 29. g4 b5 30. h4 Nd7 31. Nf3 b4 32. g5 hxg5 33. hxg5 Rc7 34. Kg2 Rc3 35. Rh1 e5 36. g6 Qf6 37. gxf7+ Bxf7 38. Ng5 Rxd3 39. Qxd3 Qxg5+ 0-1

[Event "Azerbaijan Men Championship 2024"]
[Site "Baku"]
[Date "2024.04.13"]
[Round "3.2"]
[White "Suleymanli, Aydin"]
[Black "Rustamov, Rustam"]
[Result "1-0"]
[ECO "B56"]
[WhiteElo "2607"]
[BlackElo "2261"]
[Annotator "RC"]
[PlyCount "81"]
[EventDate "2024.04.11"]
[EventType "swiss"]
[EventCountry "AZE"]
[SourceTitle "playchess.com"]
[Source "ChessBase"]
[SourceQuality "1"]
[TimeControl "40/5400+30:1800+30"]

1. e4 c5 2. Nf3 d6 3. d4 cxd4 4. Nxd4 Nf6 5. Nc3 e5 6. Bb5+ Nbd7 7. Nf5 a6 8. Be2 Nc5 9. Bg5 Bxf5 10. Bxf6 Qxf6 11. Nd5 Qd8 12. exf5 Be7 13. g3 O-O 14. a4 Nd7 15. O-O Nf6 16. Bf3 Rb8 17. Qd3 Nxd5 18. Bxd5 Qb6 19. c3 Rfc8 20. Ra3 a5 21. Rb3 Qc7 22. Rb5 b6 23. Re1 Qd8 24. b4 Qc7 25. Rb1 axb4 26. cxb4 Kf8 27. a5 bxa5 28. bxa5 Rxb5 29. Qxb5 Bd8 30. a6 Qa7 31. Qb7 Rc7 32. Qxa7 Rxa7 33. Bb7 Ke7 34. Rd1 Bb6 35. Kg2 Bc5 36. Kf3 Kd7 37. Rd2 Kc7 38. Ke4 Rxb7 39. axb7 Kxb7 40. Kd5 Kc7 41. g4 1-0

[Event "Azerbaijan Men Championship 2024"]
[Site "Baku"]
[Date "2024.04.13"]
[Round "3.3"]
[White "Guliyev, Namig"]
[Black "Gadimbayli, Abdulla"]
[Result "1/2-1/2"]
[ECO "B45"]
[WhiteElo "2509"]
[BlackElo "2489"]
[Annotator "RC"]
[PlyCount "90"]
[EventDate "2024.04.11"]
[EventType "swiss"]
[EventCountry "AZE"]
[SourceTitle "playchess.com"]
[Source "ChessBase"]
[SourceQuality "1"]
[TimeControl "40/5400+30:1800+30"]

1. e4 c5 2. Nf3 e6 3. d4 cxd4 4. Nxd4 Nf6 5. Nc3 Nc6 6. Ndb5 Bb4 7. a3 Bxc3+ 8. Nxc3 d5 9. Bd3 dxe4 10. Nxe4 Nxe4 11. Bxe4 Qxd1+ 12. Kxd1 Bd7 13. Be3 f5 14. Bf3 e5 15. Kc1 Rc8 16. Re1 Kf7 17. b3 f4 18. Bc5 b6 19. Bd6 Nd4 20. Ra2 Nxb3+ 21. Kb2 Nd2 22. Bxe5 Rhe8 23. Bd5+ Be6 24. Bxe6+ Rxe6 25. Kc1 Nb3+ 26. Kb1 Nd2+ 27. Kc1 Nb3+ 28. Kb1 Na5 29. g3 fxg3 30. fxg3 Nc4 31. Rf1+ Kg6 32. Bf4 Rce8 33. c3 Re2 34. a4 R8e4 35. h4 Kh5 36. Rd1 Re1 37. Rxe1 Rxe1+ 38. Kc2 Re2+ 39. Kb3 Na5+ 40. Ka3 Nc4+ 41. Kb3 Na5+ 42. Ka3 Re1 43. Rf2 Ra1+ 44. Ra2 Re1 45. Rf2 Ra1+ 1/2-1/2

[Event "Azerbaijan Men Championship 2024"]
[Site "Baku"]
[Date "2024.04.13"]
[Round "3.4"]
[White "Babazada, Khazar"]
[Black "Samadov, Read"]
[Result "1/2-1/2"]
[ECO "B94"]
[WhiteElo "2474"]
[BlackElo "2502"]
[Annotator "RC"]
[PlyCount "80"]
[EventDate "2024.04.11"]
[EventType "swiss"]
[EventCountry "AZE"]
[SourceTitle "playchess.com"]
[Source "ChessBase"]
[SourceQuality "1"]
[TimeControl "40/5400+30:1800+30"]

1. e4 c5 2. Nf3 d6 3. d4 cxd4 4. Nxd4 Nf6 5. Nc3 a6 6. Bg5 Nbd7 7. Bc4 Qb6 8. Bb3 e6 9. Qd2 Be7 10. O-O-O Nc5 11. Rhe1 Qc7 12. f4 h6 13. e5 dxe5 14. fxe5 hxg5 15. exf6 Bxf6 16. Nd5 Qd8 17. Bc4 O-O 18. Nxf6+ Qxf6 19. Qa5 b5 20. Bxb5 Nb7 21. Qa4 e5 22. Ne2 Be6 23. Bc6 Rab8 24. Nc3 Rfc8 25. Nd5 Bxd5 26. Bxd5 Nc5 27. Qa3 Ne6 28. Kb1 Qf2 29. Bb3 Qxg2 30. Rf1 Nd4 31. Bxf7+ Kh8 32. Bg6 e4 33. Rc1 Nf3 34. Ka1 Nh4 35. Qxa6 Nxg6 36. Qxg6 Rxc2 37. Qh5+ Kg8 38. Qf7+ Kh8 39. Qh5+ Kg8 40. Qf7+ Kh8 1/2-1/2

[Event "Azerbaijan Men Championship 2024"]
[Site "Baku"]
[Date "2024.04.13"]
[Round "3.5"]
[White "Talibov, Shiroghlan"]
[Black "Iskandarov, Misratdin"]
[Result "0-1"]
[ECO "B67"]
[WhiteElo "2373"]
[BlackElo "2538"]
[Annotator "RC"]
[PlyCount "68"]
[EventDate "2024.04.11"]
[EventType "swiss"]
[EventCountry "AZE"]
[SourceTitle "playchess.com"]
[Source "ChessBase"]
[SourceQuality "1"]
[TimeControl "40/5400+30:1800+30"]

1. e4 c5 2. Nf3 d6 3. d4 cxd4 4. Nxd4 Nf6 5. Nc3 Bd7 6. Bg5 e6 7. Qd2 h6 8. Bxf6 Qxf6 9. O-O-O a6 10. f4 Nc6 11. Nf3 Qd8 12. g4 b5 13. Kb1 Qb6 14. Ne2 Qf2 15. Ne1 Be7 16. h4 Qb6 17. Nf3 Na5 18. Ned4 Nc4 19. Bxc4 bxc4 20. c3 Rb8 21. Rh2 h5 22. gxh5 Rxh5 23. Ng5 g6 24. Qe2 e5 25. fxe5 dxe5 26. Nf5 Bxg5 27. Ng7+ Ke7 28. Nxh5 Bh6 29. Ng3 Bf4 30. Qf3 Ba4 31. Rf1 Rd8 32. Ne2 Rd2 33. b4 cxb3 34. a3 b2 0-1

[Event "Azerbaijan Men Championship 2024"]
[Site "Baku"]
[Date "2024.04.13"]
[Round "3.6"]
[White "Suleymanli, Suleyman"]
[Black "Abdulov, Orkhan"]
[Result "1-0"]
[ECO "A06"]
[WhiteElo "2246"]
[BlackElo "2401"]
[Annotator "RC"]
[PlyCount "59"]
[EventDate "2024.04.11"]
[EventType "swiss"]
[EventCountry "AZE"]
[SourceTitle "playchess.com"]
[Source "ChessBase"]
[SourceQuality "1"]
[TimeControl "40/5400+30:1800+30"]

1. Nf3 c5 2. b3 Nc6 3. Bb2 d5 4. e3 e6 5. Bb5 a6 6. Bxc6+ bxc6 7. O-O a5 8. c4 f6 9. Nc3 Bd6 10. d3 Nh6 11. Na4 e5 12. cxd5 cxd5 13. Rc1 O-O 14. Nxc5 Qe7 15. Na4 Bb7 16. Nc3 e4 17. Nd4 f5 18. g3 Ng4 19. dxe4 dxe4 20. Nxf5 Rxf5 21. Qxg4 Raf8 22. Qe2 Bb8 23. Qc4+ Kh8 24. Rcd1 Qf6 25. Na4 Qh6 26. Rd7 Ba6 27. Qxe4 Rg5 28. Qe7 Rg8 29. Rd8 Rf5 30. Qe8 1-0